 Dungeon Crawl Stone Soup version 0.22-a0-858-g985ef60 (webtiles) character file.

217 Leszczynek the Cutter (level 5, -5/32 HPs)
             Began as a Deep Elf Monk on July 27, 2018.
             Slain by an ogre
             ... wielding a +0 giant club
              (12 damage)
             ... on level 5 of the Dungeon.
             The game lasted 00:09:04 (1528 turns).

Leszczynek the Cutter (Deep Elf Monk)               Turns: 1528, Time: 00:09:05

Health: -5/32      AC:  5    Str:  8    XL:     5   Next: 61%
Magic:  7/7        EV: 14    Int: 21    God:
Gold:   43         SH:  0    Dex: 17    Spells: 4/4 levels left

rFire    . . .     SeeInvis .   b - +0 shortbow
rCold    . . .     Gourm    .   (shield currently unavailable)
rNeg     . . .     Faith    .   n - +0 robe
rPois    .         Spirit   .   (no helmet)
rElec    .         Reflect  .   o - scarf {repulsion}
rCorr    .         Harm     .   j - +0 pair of gloves
MR       .....     Rnd*Tele +   h - +1 pair of boots
Stlth    ++........             (no amulet)
HPRegen  0.10/turn              l - ring of teleportation (curse)
MPRegen  0.10/turn              (no ring)

@: brilliant, repel missiles
A: no striking features
a: no special abilities


You were on level 5 of the Dungeon.
You were not hungry.

You visited 1 branch of the dungeon, and saw 5 of its levels.

You collected 43 gold pieces.

Inventory:

Hand Weapons
 a - a +0 short sword
 b - a +0 shortbow (weapon)
 m - a +0 falchion
Missiles
 e - 83 stones
 f - 14 sling bullets
 p - 14 arrows (quivered)
Armour
 h - a +1 pair of boots (worn)
 j - a +0 pair of gloves (worn)
 n - a +0 robe (worn)
 o - a scarf of repulsion (worn)
Magical Staves
 i - an uncursed staff of earth {unknown}
Jewellery
 l - a cursed ring of teleportation (left hand)
Scrolls
 c - a scroll of magic mapping
 q - a scroll of fear {unknown}
Comestibles
 d - 3 rations
 g - 2 chunks of flesh


   Skills:
 + Level 2.8 Fighting
 - Level 5.6 Short Blades
 * Level 2.3 Bows
 - Level 3.6 Dodging
 - Level 2.4 Stealth


You had 4 spell levels left.
You didn't know any spells.
Your spell library was empty.

Dungeon Overview and Level Annotations

Branches:
Dungeon (5/15)
 Temple: D:4-7

Altars:

Annotations:
D:2 exclusions: adder and bullfrog
D:3 Natasha
D:4 exclusion: worker ant


Message History

You hit the ogre.
The ogre is almost dead.
The ogre closely misses you.
You hit the ogre.
You kill the ogre!
Your Bows skill gained 2 levels and is now at level 2!
You have reached level 5!
Wield which item (- for none, * to show all)? (? for menu, Esc to quit)
b - a +0 shortbow (weapon)
Firing (i - inventory. (/) - cycle)
p - 16 arrows (quivered)
Press: ? - help, Shift-Dir - straight line, f - ogre
Aim: an ogre, wielding a giant club You shoot an arrow.
The arrow barely misses the ogre.
The ogre misses you.
Unknown command.
Firing (i - inventory. (/) - cycle)
p - 15 arrows (quivered)
Press: ? - help, Shift-Dir - straight line, f/p - ogre
Aim: an ogre, wielding a giant club You shoot an arrow.
The arrow barely misses the ogre.
The ogre hits you with a giant club!
You die...

#.##.# #.#.#
#.##.#############.#.#####
#.##>....................O
#...........######.#.####
####......................
########.######.#.#####
#.# #.#.# #(# #.# # #@#
#.# #O# #.# #(# #'# #(# .
#.# .. #(#


.OS #(# ooo. #(# ..oo. #.##...... You could see an ogre.

Vanquished Creatures
  An ogre (D:5)
  A centaur (D:5)
  A worker ant zombie (D:5)
  2 adders (D:2)
  A leopard gecko (D:2)
  3 orcs
  A hobgoblin (D:2)
  3 jackals
  3 kobolds
  4 quokkas
  A bat (D:2)
  A frilled lizard (D:1)
  A leopard gecko zombie (D:5)
  3 rats
26 creatures vanquished.

Notes
Turn   | Place    | Note
-------+----------+-------------------------------------------
     0 | D:1      | Leszczynek the Deep Elf Monk began the quest for the Orb.
     0 | D:1      | Reached XP level 1. HP: 13/13 MP: 3/3
   443 | D:2      | Reached XP level 2. HP: 16/18 MP: 4/4
   500 | D:2      | Noticed a bullfrog
   751 | D:2      | tele ring
   820 | D:2      | Reached skill level 4 in Short Blades
   906 | D:2      | Reached XP level 3. HP: 8/22 MP: 5/5
  1082 | D:3      | Noticed Natasha
  1105 | D:3      | You are suddenly yanked towards a nearby monster!
  1201 | D:4      | 3 orc wizards in the same turn
  1212 | D:5      | Entered Level 5 of the Dungeon
  1295 | D:5      | Noticed a centaur
  1313 | D:5      | HP: 3/22 [centaur (5)]
  1315 | D:5      | Killed a centaur
  1315 | D:5      | Reached skill level 5 in Short Blades
  1315 | D:5      | Reached XP level 4. HP: 4/27 MP: 6/6
  1316 | D:5      | ez
  1318 | D:5      | +0 shortbow
  1422 | D:5      | You are suddenly yanked towards a nearby monster!
  1437 | D:5      | Noticed an ogre
  1495 | D:5      | Noticed an ogre
  1516 | D:5      | Noticed an ogre
  1519 | D:5      | HP: 5/27 [ogre/giant club (13)]
  1525 | D:5      | Killed an ogre
  1525 | D:5      | Reached skill level 2 in Bows
  1525 | D:5      | Reached XP level 5. HP: 6/32 MP: 7/7
  1528 | D:5      | Slain by an ogre

Vault maps used:
D:1:      dpeg_arrival_lava_temple_mockup
D:3:      st_stairs_8, uniq_jessica, uniq_natasha
D:4:      serial_glass, glass_columns_b, glass_columns_a, glass_columns_b,
          glass_columns_b, glass_columns_a, glass_columns_b,
          minmay_strange_pillars, item_on_display_a, first_ration

Skill      XL: |  1  2  3  4 |
---------------+-------------+-----
Short Blades   | 4 5 |  5.6
Bows           | 2 |  2.3
Fighting       | |  2.8
Dodging        | |  3.6
Stealth        | |  2.4

Action                   |  1- 3 |  4- 6 || total
-------------------------+-------+-------++-------
Melee: Short sword       |   123 |    15 ||   138
 Fire: Shortbow          |       |     9 ||     9
Throw: Stone             |     4 |       ||     4
  Use: Scroll            |     6 |       ||     6
       Potion            |     5 |     1 ||     6
 Stab: Sleeping          |     3 |       ||     3
       Distracted        |     1 |       ||     1
  Eat: Chunk             |     2 |     1 ||     3
Armor: Robe              |    17 |       ||    17
Dodge: Dodged            |    76 |    11 ||    87
       Deflected         |       |     1 ||     1

Table legend:
 A = Spawn XP
 B = Non-spawn XP
 C = Spawn XP percentage of total XP
 D = Spawn monster count
 E = Non-spawn monster count
 F = Spawn count percentage of total count
 G = Total turns spent on level
                    A         B        C        D         E        F      G
               +---------+---------+-------+---------+---------+-------+---------
         Total |       0 |     310 |   0.0 |       0 |      26 |   0.0 |  1528
               +---------+---------+-------+---------+---------+-------+---------
           D:1 |       0 |       7 |   0.0 |       0 |       5 |   0.0 |   461
           D:2 |       0 |      39 |   0.0 |       0 |       9 |   0.0 |   494
           D:3 |       0 |       7 |   0.0 |       0 |       3 |   0.0 |   153
           D:4 |       0 |       4 |   0.0 |       0 |       2 |   0.0 |   104
           D:5 |       0 |     253 |   0.0 |       0 |       7 |   0.0 |   316
               +---------+---------+-------+---------+---------+-------+---------
